 Dungeon Crawl Stone Soup version 0.23.0 (webtiles) character file.

Game seed: 13617655608037330742

41 inmateoo the Insei (level 3, -1/28 HPs)
             Began as a Gnoll Transmuter on Feb 12, 2019.
             Slain by a goblin (5 damage)
             ... led by Robin
             ... on level 2 of the Dungeon.
             The game lasted 00:01:19 (1545 turns).

inmateoo the Insei (Gnoll Transmuter)               Turns: 1545, Time: 00:01:20

Health: -1/28      AC:  3    Str: 12    XL:     3   Next: 52%
Magic:  9/9        EV: 14    Int: 16    God:
Gold:   68         SH:  0    Dex: 15    Spells: 11/12 levels left

rFire    . . .     SeeInvis .   g - -1 hand axe (curse)
rCold    . . .     Gourm    .   (no shield)
rNeg     . . .     Faith    .   f - +0 leather armour
rPois    .         Spirit   .   (no helmet)
rElec    .         Reflect  .   (no cloak)
rCorr    .         Harm     .   (no gloves)
MR       .....                  (no boots)
Stlth    +.........             (no amulet)
HPRegen  0.09/turn              (no ring)
MPRegen  0.11/turn              (no ring)

@: no status effects
A: distributed training, fangs 1, strong nose
a: no special abilities


You were on level 2 of the Dungeon.
You were hungry.

You visited 1 branch of the dungeon, and saw 2 of its levels.

You collected 68 gold pieces.

Inventory:

Hand Weapons
 g - a cursed -1 hand axe (weapon)
Missiles
 a - 12 arrows
 i - 4 tomahawks (quivered)
Armour
 f - a +0 leather armour (worn)
Jewellery
 c - an uncursed ring of protection from fire {unknown}
Scrolls
 h - a scroll of remove curse {unknown}
 k - a scroll of teleportation {unknown}
Potions
 b - a potion of berserk rage {unknown}
 e - 4 potions of curing {unknown}
 j - a potion of agility {unknown}
Comestibles
 d - 2 rations


   Skills:
 + Level 2.6 Fighting
 + Level 0.8 Short Blades
 + Level 0.8 Long Blades
 + Level 0.8 Axes
 + Level 0.8 Maces & Flails
 + Level 0.8 Polearms
 + Level 0.8 Staves
 + Level 0.8 Slings
 + Level 0.8 Bows
 + Level 0.8 Crossbows
 + Level 0.8 Throwing
 + Level 0.8 Armour
 + Level 4.5 Dodging
 + Level 0.8 Stealth
 + Level 0.8 Shields
 + Level 6.5 Unarmed Combat
 + Level 5.0 Spellcasting
 + Level 0.5 Conjurations
 + Level 0.5 Hexes
 + Level 0.5 Charms
 + Level 0.5 Summonings
 + Level 0.5 Necromancy
 + Level 0.5 Translocations
 + Level 3.7 Transmutations
 + Level 0.5 Fire Magic
 + Level 0.5 Ice Magic
 + Level 0.5 Air Magic
 + Level 0.5 Earth Magic
 + Level 0.5 Poison Magic
 + Level 1.0 Invocations
 + Level 0.8 Evocations


You had 11 spell levels left.
You knew the following spells:

 Your Spells              Type           Power        Failure   Level  Hunger
a - Beastly Appendage     Tmut           ###...       4%          1    None

Your spell library contained the following spells:

 Spells                   Type           Power        Failure   Level  Hunger
 Sticks to Snakes         Tmut           ###.....     6%          2    #......
 Spider Form              Tmut/Pois      ##........   24%         3    ###....
 Ice Form                 Ice/Tmut       ##......     61%         4    ####...
 Blade Hands              Tmut           ###.......   75%         5    ######.


Dungeon Overview and Level Annotations

Branches:
Dungeon (2/15)

Altars:

Annotations:
D:2 Robin


Innate Abilities, Weirdness & Mutations

Your experience applies equally to all skills.
You have very sharp teeth.
Your uncanny sense of smell can sniff out nearby items.


Message History

Aim: Robin, wielding a +1 mace of crushing, wearing a +0 animal skin and wearing a +0 helmet (heavily wounded)
You throw a tomahawk. The tomahawk barely misses Robin.
The tomahawk hits the goblin.
You kill the goblin!
The goblin barely misses you.
Unknown command.
You closely miss Robin.
Robin is heavily wounded.
You closely miss the goblin.
Robin hits you with a +1 mace of crushing.
The goblin misses you. Robin throws the goblin at you!
The goblin completely misses you.
Unknown command.
You completely miss the goblin. You hit Robin but do no damage.
You hit the goblin but do no damage. The goblin hits you.
* * * LOW HITPOINT WARNING * * *
Robin hits you with a +1 mace of crushing.
* * * LOW HITPOINT WARNING * * *
x2 The goblin closely misses you.
The goblin hits you.
You die...

########### .........###
#.#..)....# # #....###..#
.#######.###..##########
.##......(..gggg@g.....#
.#####.#.##..####g####.#
.###....g....#.........#
)....##..##.####..#.####
..........#.##....#.#
.##...#...#.###.#.#.##########
............>##...............
.#.....#.##..####.....g.####
.#............. #####.#.#


You could see Robin and 5 goblins.

Vanquished Creatures
  An adder (D:2)
  An ooze (D:1)
  A worm (D:2)
  4 dart slugs
  5 goblins
  3 hobgoblins
  A bat (D:1)
  A rat (D:1)
17 creatures vanquished.

Notes
Turn   | Place    | Note
-------+----------+-------------------------------------------
     0 | D:1      | inmateoo the Gnoll Transmuter began the quest for the Orb.
     0 | D:1      | Reached XP level 1. HP: 17/17 MP: 6/6
   281 | D:1      | Reached XP level 2. HP: 23/23 MP: 7/7
   942 | D:2      | Reached skill level 5 in Spellcasting
   942 | D:2      | Reached XP level 3. HP: 28/28 MP: 7/9
  1304 | D:2      | Noticed Robin
  1343 | D:2      | Reached skill level 1 in Invocations
  1545 | D:2      | Slain by a goblin

Skill      XL: |  1  2  3 |
---------------+----------+-----
Spellcasting   | 5 |  5.0
Invocations    | 1 |  1.0
Fighting       | |  2.6
Short Blades   | |  0.8
Long Blades    | |  0.8
Axes           | |  0.8
Maces & Flails | |  0.8
Polearms       | |  0.8
Staves         | |  0.8
Slings         | |  0.8
Bows           | |  0.8
Crossbows      | |  0.8
Throwing       | |  0.8
Armour         | |  0.8
Dodging        | |  4.5
Stealth        | |  0.8
Shields        | |  0.8
Unarmed Combat | |  6.5
Conjurations   | |  0.5
Hexes          | |  0.5
Charms         | |  0.5
Summonings     | |  0.5
Necromancy     | |  0.5
Translocations | |  0.5
Transmutations | |  3.7
Fire Magic     | |  0.5
Ice Magic      | |  0.5
Air Magic      | |  0.5
Earth Magic    | |  0.5
Poison Magic   | |  0.5
Evocations     | |  0.8

Action                   || total
-------------------------++-------
Melee: Unarmed           ||    13
       Punch             ||     5
       Hand axe          ||    53
       Bite              ||     5
Throw: Tomahawk          ||     3
 Stab: Sleeping          ||     1
  Eat: Chunk             ||     1
Armor: Leather armour    ||     6
Dodge: Dodged            ||    37
